 Dungeon Crawl Stone Soup version 0.21-a0-95-g06f091e (webtiles) character file.

67 grindst0ne the Changer (level 4, 0/32 HPs)
             Began as a Merfolk Transmuter on July 4, 2017.
             Killed from afar by Sigmund (9 damage)
             ... with a magic dart
             ... on level 2 of the Dungeon.
             The game lasted 00:03:42 (2043 turns).

grindst0ne the Changer (Merfolk Transmuter)         Turns: 2043, Time: 00:03:42

Health: 0/32       AC:  3    Str: 11    XL:     4   Next: 16%
Magic:  2/7        EV: 13    Int: 12    God:
Gold:   77         SH:  0    Dex: 14    Spells: 1/7 levels left

rFire    . . .     SeeInvis .     - Unarmed
rCold    . . .     Gourm    .   (no shield)
rNeg     . . .     Faith    .   b - +0 robe
rPois    .         Spirit   .   (no helmet)
rElec    .         Reflect  .   (no cloak)
rCorr    .         Harm     .   (no gloves)
MR       .....                  k - +0 pair of boots
Stlth    ++........             (no amulet)
HPRegen  0.10/turn              h - ring of stealth
MPRegen  0.10/turn              (no ring)

@: lethally poisoned (0 -> -5), very slightly contaminated
A: change form in water, swift swim, stealthy swim
a: no special abilities


You were on level 2 of the Dungeon.
You were not hungry.

You visited 1 branch of the dungeon, and saw 2 of its levels.

You collected 77 gold pieces.

Inventory:

Missiles
 a - 9 arrows
Armour
 b - a +0 robe (worn)
 k - a +0 pair of boots (worn)
Jewellery
 h - a ring of stealth (left hand)
Wands
 m - a wand of random effects (28/48)
Scrolls
 e - a scroll of random uselessness {unknown}
 g - a scroll of noise
 i - a scroll of amnesia {unknown}
 j - 2 scrolls of teleportation {unknown}
 l - a scroll of identify
Books
 c - a book of Changes

   Spells                             Type                      Level
   a - Beastly Appendage              Transmutation                1
   b - Sticks to Snakes               Transmutation                2
   c - Spider Form                    Transmutation/Poison         3
   d - Ice Form                       Ice/Transmutation            4
   e - Blade Hands                    Transmutation                5
Comestibles
 f - a bread ration


   Skills:
 - Level 1.1 Fighting
 - Level 2.6 Dodging
 + Level 4.1 Unarmed Combat
 - Level 2.0 Spellcasting
 * Level 4.8 Transmutations


You had one spell level left.
You knew the following spells:

 Your Spells              Type           Power        Failure   Level  Hunger
a - Beastly Appendage     Tmut           ##....       3%          1    ##.....
b - Sticks to Snakes      Tmut           ##......     5%          2    ###....
c - Spider Form           Tmut/Pois      #.........   30%         3    ####...


Dungeon Overview and Level Annotations

Branches:
Dungeon (2/15)

Altars:

Annotations:
D:1 exclusion: downstairs
D:2 Sigmund


Message History

The worm is heavily wounded.
You feel sick. The worm closely misses you.
You hit the worm but do no damage.
The worm is heavily wounded.
You hit the worm.
The worm is almost dead.
You feel sick.
You kill the worm!
You feel sick.
You feel sick.
You feel sick.
You feel sick.
You feel sick.
You feel sick.
You feel sick.
Sigmund shouts!
You feel sick. Sigmund gestures at you while chanting. The magic dart hits you!
You die...

#....##...........
#..@..............
######................
#....'................
#.####..........####..
##..........# #..
#...........# #..
#...........# #..
#@...#....######..
#....#............
#.#####..........#
#................#
#..#..)..#........
.....##(#(##........
#####...###.....>....
#.## ##.....<.. ..#
#........


You could see Sigmund.

Vanquished Creatures
  2 adders (D:2)
  An ooze (D:2)
  A worm (D:2)
  2 dart slugs
  3 leopard geckos (D:1)
  2 bats
  3 giant cockroaches
  6 hobgoblins (D:1)
  3 frilled lizards
  4 goblins
  3 kobolds
  5 rats
35 creatures vanquished.

Vanquished Creatures (collateral kills)
  A frilled lizard (D:2)
1 creature vanquished.

Grand Total: 36 creatures vanquished

Notes
Turn   | Place    | Note
-------+----------+-------------------------------------------
     0 | D:1      | grindst0ne the Merfolk Transmuter began the quest for the Orb.
     0 | D:1      | Reached XP level 1. HP: 15/15 MP: 3/3
   144 | D:1      | Reached XP level 2. HP: 17/21 MP: 3/5
   589 | D:1      | Reached XP level 3. HP: 14/26 MP: 4/6
   757 | D:1      | Learned a level 2 spell: Sticks to Snakes
   761 | D:1      | Learned a level 3 spell: Spider Form
   954 | D:2      | Noticed Sigmund
  2027 | D:2      | Reached XP level 4. HP: 19/32 MP: 1/7
  2043 | D:2      | Killed from afar by Sigmund

Vault maps used:
D:1:      dpeg_arrival_tiny_a
D:2:      first_bread, small_statue_intersection, minmay_tall_x, uniq_sigmund

Skill      XL: |  1  2  3 |
---------------+----------+-----
Transmutations | 3 4 |  4.8
Unarmed Combat | 4 |  4.1
Fighting       | |  1.1
Dodging        | |  2.6
Spellcasting   | |  2.0

Action                   |  1- 3 |  4- 6 || total
-------------------------+-------+-------++-------
Melee: Unarmed           |   100 |     4 ||   104
       Headbutt          |     6 |       ||     6
       Punch             |     3 |       ||     3
 Cast: Beastly Appendage |    13 |       ||    13
       Spider Form       |     6 |       ||     6
       Sticks to Snakes  |     3 |       ||     3
  Use: Potion            |     3 |       ||     3
       Scroll            |     1 |       ||     1
  Eat: Bread ration      |     1 |       ||     1
       Chunk             |     1 |       ||     1
Armor: Robe              |    13 |       ||    13
Dodge: Dodged            |    64 |     2 ||    66
